 Dungeon Crawl Stone Soup version 0.18-a0-1788-g92de1ac (webtiles) character file.

3060 Slobodan the Carver (level 9, -4/62 HPs)
             Began as a High Elf Skald on Apr 19, 2016.
             Was a Priest of Qazlal.
             Slain by an orc warrior
             ... wielding a +0 war axe
              (7 damage)
             ... on level 6 of the Dungeon.
             The game lasted 00:45:16 (5648 turns).

Slobodan the Carver (High Elf Skald)                Turns: 5648, Time: 00:45:16

Health: -4/62      AC: 10    Str: 14    XL:     9   Next: 57%
Magic:  10/16      EV: 18    Int: 17    God:    Qazlal [***...]
Gold:   150        SH:  4    Dex: 24    Spells: 5 memorised, 5 levels left

rFire  + . .     SeeInvis .     f - +0 rapier (elec)
rCold  . . .     Gourm    .     p - +0 ring mail {rF+}
rNeg   . . .     Faith    .     (no shield)
rPois  .         Spirit   .     g - +2 helmet
rElec  .         Dismiss  .     (no cloak)
rCorr  .         Reflect  .     v - +0 pair of gloves
SustAt .         Harm     .     i - +0 pair of boots
MR     .....                    (no amulet)
Stlth  ++........               w - ring of wizardry
                                j - +4 ring of dexterity

@: agile, singing, not resistant to hostile enchantments, unstealthy
A: no striking features
a: Upheaval, Elemental Force, Renounce Religion, Stop Singing


You were on level 6 of the Dungeon.
You worshipped Qazlal.
Qazlal was most pleased with you.
You were not hungry.

You visited 1 branch of the dungeon, and saw 7 of its levels.

You collected 253 gold pieces.
You spent 103 gold pieces at shops.

Inventory:

Hand Weapons
 f - a +0 rapier of electrocution (weapon)
Missiles
 u - 9 tomahawks (quivered)
Armour
 g - a +2 helmet (worn)
 i - a +0 pair of boots (worn)
 p - a +0 ring mail of fire resistance (worn)
 v - a +0 pair of gloves (worn)
Jewellery
 j - a +4 ring of dexterity (left hand)
 w - a ring of wizardry (right hand)
Wands
 q - a wand of lightning (0/15)
 s - a wand of digging (13/24)
 x - a wand of flame (7/48)
Scrolls
 b - 3 scrolls of fog
 k - 3 scrolls of teleportation
 l - a scroll of enchant weapon {unknown}
 n - a scroll of amnesia
 r - a scroll of recharging {unknown}
 A - 2 scrolls of remove curse
 F - a scroll of immolation {unknown}
Potions
 h - a potion of cancellation
 o - a potion of haste
 D - a potion of mutation {unknown}
 E - a potion of lignification {unknown}
 G - a potion of degeneration {unknown}
 I - a potion of curing {unknown}
Books
 c - a book of Battle

   Spells                             Type                      Level
   a - Infusion                       Charms                       1
   b - Shroud of Golubria             Charms/Translocation         2
   c - Song of Slaying                Charms                       2
   d - Spectral Weapon                Hexes/Charms                 3
   e - Regeneration                   Charms/Necromancy            3
 e - a book of Changes

   Spells                             Type                      Level
   a - Beastly Appendage              Transmutation                1
   b - Sticks to Snakes               Transmutation                2
   c - Spider Form                    Transmutation/Poison         3
   d - Ice Form                       Ice/Transmutation            4
   e - Blade Hands                    Transmutation                5
 y - a book of Party Tricks

   Spells                             Type                      Level
   a - Summon Butterflies             Summoning                    1
   b - Apportation                    Translocation                1
   c - Tukima's Dance                 Hexes                        3
   d - Alistair's Intoxication        Transmutation/Poison         5
   e - Invisibility                   Hexes                        6
Comestibles
 a - 2 chunks of flesh
 d - 3 bread rations
 m - 4 slices of pizza
 t - 3 meat rations


   Skills:
 + Level 5.7 Fighting
 - Level 1.2(6.3) Short Blades
   Level 9.9 Long Blades
 - Level 0.8 Armour
 - Level 3.3 Dodging
 - Level 4.0 Spellcasting
 - Level 3.0 Hexes
 + Level 6.5 Charms
 - Level 3.0 Translocations
 + Level 5.2 Invocations


You had 5 spell levels left.
You knew the following spells:

 Your Spells              Type           Power        Failure   Level  Hunger
a - Infusion              Chrm           ####         1%          1    None
b - Song of Slaying       Chrm           ####....     1%          2    ##.....
c - Shroud of Golubria    Chrm/Tloc      ###.......   4%          2    ##.....
d - Regeneration          Chrm/Necr      ##........   12%         3    ###....
e - Spectral Weapon       Hex/Chrm       ###.....     7%          3    ###....


Dungeon Overview and Level Annotations

Branches:
Dungeon (7/15)             Temple (0/1) D:4

Altars:
Cheibriados
Nemelex Xobeh
Okawaru
Qazlal

Shops:
D:4 [


Message History

You block the orc warrior's attack.
You closely miss the orc warrior.
The orc warrior is heavily wounded.
The orc warrior hits you with a war axe!
* * * LOW HITPOINT WARNING * * *
Drink which item? (? for menu, Esc to quit)
Okay, then.
Read which item? (? for menu, Esc to quit)
Okay, then.
Drink which item? (? for menu, Esc to quit)
Okay, then.
Drink which item? (? for menu, Esc to quit)
Okay, then.
Drink which item? (? for menu, Esc to quit)
You feel agile all of a sudden. The orc warrior misses you.
You feel sick.
You are no longer poisoned.
The orc warrior hits you with a war axe!
You die...

#...........>
#............
#...........#
####...........#
##)..............
##.§............#.
#.>.......#.......
#.o...............
#@§...............
#.................
#.................
#.................
####.........###.....
#...................#
#..............###..#
#..............#....#
#...#............#..#


You could see an orc warrior.

Vanquished Creatures
  The ghost of Sagrath01 the Transmogrifier, a novice OpTm (D:5)
  The ghost of grippy the Ducker, a novice HuBe of Trog (D:4)
  Eustachio (D:5)
  Edmund (D:5)
  Duvessa (D:5)
  A water moccasin (D:5)
  An eye of draining (D:6)
  A sky beast (D:5)
  A black bear (D:4)
  4 ogres
  An ice beast (D:5)
  A big kobold (D:4)
  A giant frog (D:6)
  Blork the orc (D:6)
  A gnoll sergeant (D:5)
  Dowan (D:5)
  A killer bee (D:7)
  6 crimson imps
  A hound (D:4)
  2 orc priests
  3 orc wizards
  8 worker ants
  A hound skeleton (D:5)
  A worker ant zombie (D:6)
  8 adders
  5 gnolls
  2 shadow imps (D:5)
  2 oozes
  2 adder skeletons
  5 worms
  7 dart slugs
  7 giant geckos
  21 orcs
  4 giant cockroaches
  2 goblins (D:1)
  4 hobgoblins
  10 jackals
  24 kobolds
  4 quokkas
  2 ball pythons
  2 bats
  3 giant newts
  2 quokka skeletons
  9 rats
  A butterfly (D:4)
  3 plants (D:4)
  4 spectral weapons
175 creatures vanquished.

Vanquished Creatures (others)
  An orc wizard (D:3)
  A bat (D:2)
2 creatures vanquished.

Grand Total: 177 creatures vanquished

Notes
Turn   | Place    | Note
--------------------------------------------------------------
     0 | D:1      | Slobodan the High Elf Skald began the quest for the Orb.
     0 | D:1      | Reached XP level 1. HP: 14/14 MP: 4/4
    34 | D:1      | Reached skill level 3 in Long Blades
   399 | D:1      | Reached XP level 2. HP: 19/19 MP: 0/6
   413 | D:1      | Learned a level 2 spell: Song of Slaying
   716 | D:1      | You fall through a shaft!
   825 | D:2      | Reached skill level 1 in Short Blades
   826 | D:2      | Reached XP level 3. HP: 24/24 MP: 4/7
   919 | D:2      | Found a stormy altar of Qazlal.
  1004 | D:2      | Became a worshipper of Qazlal Stormbringer
  1058 | D:2      | Found a snail-covered altar of Cheibriados.
  1064 | D:2      | Reached skill level 4 in Long Blades
  1444 | D:2      | Reached XP level 4. HP: 15/29 MP: 5/8
  1538 | D:2      | Learned a level 2 spell: Shroud of Golubria
  1613 | D:3      | Reached skill level 5 in Long Blades
  1818 | D:3      | Reached * piety under Qazlal
  2036 | D:3      | Reached skill level 6 in Long Blades
  2036 | D:3      | Reached XP level 5. HP: 17/34 MP: 5/9
  2402 | D:4      | Reached skill level 7 in Long Blades
  2440 | D:4      | Noticed a black bear
  2441 | D:4      | Noticed an ogre
  2454 | D:4      | Killed a black bear
  2454 | D:4      | Reached XP level 6. HP: 30/39 MP: 3/10
  2459 | D:4      | Reached skill level 8 in Long Blades
  2501 | D:4      | Reached ** piety under Qazlal
  2530 | D:4      | Found a staircase to the Ecumenical Temple.
  2575 | D:4      | Reached XP level 7. HP: 45/45 MP: 7/12
  2602 | D:4      | Found a sparkling altar of Nemelex Xobeh.
  2602 | D:4      | Found an iron altar of Okawaru.
  2621 | D:4      | Found Xor Oza's Antique Armour Boutique.
  2675 | D:4      | Noticed grippy's ghost (novice HuBe)
  3099 | D:4      | Killed grippy's ghost
  3099 | D:4      | Reached skill level 1 in Invocations
  3395 | D:4      | Reached XP level 8. HP: 48/52 MP: 12/14
  3637 | D:4      | Bought a pair of boots for 103 gold pieces
  3646 | D:5      | Entered Level 5 of the Dungeon
  3651 | D:5      | Learned a level 3 spell: Regeneration
  3655 | D:5      | Learned a level 3 spell: Spectral Weapon
  3673 | D:5      | Reached skill level 9 in Long Blades
  3862 | D:5      | Reached skill level 1 in Translocations
  4006 | D:5      | Reached skill level 1 in Hexes
  4088 | D:5      | Reached *** piety under Qazlal
  4112 | D:5      | Noticed Sagrath01's ghost (novice OpTm)
  4136 | D:5      | Killed Sagrath01's ghost
  4575 | D:6      | Noticed Duvessa
  4575 | D:6      | Noticed Dowan
  4576 | D:6      | Reached skill level 5 in Charms
  4600 | D:5      | Reached XP level 9. HP: 59/59 MP: 16/16
  4646 | D:6      | Noticed Edmund
  4675 | D:5      | Killed Edmund
  4918 | D:6      | Noticed Eustachio
  4920 | D:6      | Noticed Blork the orc
  5040 | D:5      | Killed Dowan
  5042 | D:5      | Killed Duvessa
  5042 | D:5      | Reached skill level 5 in Fighting
  5089 | D:5      | Killed Eustachio
  5375 | D:6      | Reached skill level 5 in Invocations
  5510 | D:6      | Killed Blork the orc
  5647 | D:6      | HP: 3/62 [poisoned by a killer bee]
  5648 | D:6      | Slain by an orc warrior

Vault maps used:
D:1:      scummos_arrival_checkerplants, serial_bayou_crossing
D:2:      lemuel_crystal_altar, lemuel_round_altar, minmay_misc_feat_chi,
          hangedman_decor_push
D:3:      first_bread
D:4:      kennysheep_kobold_camp, gammafunk_temple_overflow_pools,
          minmay_temple_entry_butterflies, serial_shops, nicolae_shop_crystal
D:6:      uniq_blork_the_orc, uniq_edmund, uniq_eustachio, uniq_duvessa
D:7:      nicolae_overflow_crystal_walls, basic_altar

Skill      XL: |  1  2  3  4  5  6  7  8  9 |
---------------+----------------------------+-----
Long Blades    | 3 4 6 7 8 9 |  9.9
Short Blades   | 1 |  1.2
Dodging        | 2 3 |  3.3
Charms         | 4 5 6 |  6.5
Spellcasting   | 3 4 |  4.0
Fighting       | 3 4 5 |  5.7
Invocations    | 2 3 5 |  5.2
Translocations | 3 |  3.0
Hexes          | 2 3 |  3.0
Armour         | |  0.8

Action                   |  1- 3 |  4- 6 |  7- 9 || total
-------------------------+-------+-------+-------++-------
Melee: Short sword       |    88 |   159 |   362 ||   609
       Falchion          |     6 |       |    14 ||    20
       Rapier            |       |       |    81 ||    81
Throw: Tomahawk          |       |     8 |    19 ||    27
 Cast: Infusion          |     4 |     1 |     3 ||     8
       Song of Slaying   |     3 |     5 |     6 ||    14
       Shroud of Golubri |       |     6 |    22 ||    28
       Spectral Weapon   |       |       |     5 ||     5
       Regeneration      |       |       |     1 ||     1
Invok: Upheaval          |       |       |     1 ||     1
Evoke: Wand              |       |       |     9 ||     9
  Use: Scroll            |     5 |     1 |     7 ||    13
       Potion            |       |     1 |     3 ||     4
 Stab: Sleeping          |     1 |       |       ||     1
       Invisible         |       |       |     3 ||     3
  Eat: Chunk             |     2 |     4 |    10 ||    16
       Beef jerky        |       |       |     2 ||     2
Armor: Leather armour    |    28 |    22 |       ||    50
       Ring mail         |       |    45 |   124 ||   169
Dodge: Dodged            |    55 |    83 |   224 ||   362
Block: Other             |       |     5 |    49 ||    54
